 Dungeon Crawl Stone Soup version 0.18.1-50-g88ac8fd (webtiles) character file.

74 Vidsurfer the Slasher (level 4, 0/36 HPs)
             Began as a Human Berserker on Nov 26, 2016.
             Was a Believer of Trog.
             Slain by Sigmund
             ... wielding a +0 scythe
              (6 damage)
             ... on level 2 of the Dungeon.
             The game lasted 00:12:34 (1466 turns).

Vidsurfer the Slasher (Human Berserker)             Turns: 1466, Time: 00:12:34

Health: 0/36       AC:  9    Str: 18    XL:     4   Next: 52%
Magic:  4/4        EV:  8    Int:  7    God:    Trog [**....]
Gold:   139        SH:  0    Dex: 13    Spells: 0 memorised, 3 levels left

rFire  . . .     SeeInvis .     w - +2 mace (holy)
rCold  . . .     Gourm    .     q - +0 chain mail
rNeg   . . .     Faith    .     (no shield)
rPois  .         Spirit   .     (no helmet)
rElec  .         Dismiss  .     (no cloak)
rCorr  .         Reflect  .     t - +0 pair of gloves
SustAt .         Harm     .     (no boots)
MR     .....                    (no amulet)
Stlth  ..........               (no ring)
                                (no ring)

@: not resistant to hostile enchantments, extremely unstealthy
A: no striking features
a: Berserk, Trog's Hand, Burn Spellbooks, Renounce Religion


You were on level 2 of the Dungeon.
You worshipped Trog.
Trog was pleased with you.
You were not hungry.

You visited 1 branch of the dungeon, and saw 2 of its levels.

You collected 139 gold pieces.

Inventory:

Hand Weapons
 a - a +0 falchion
 c - a +1 vampiric dagger
 e - a +2 hunting sling of evasion
 g - a +0 club
 h - a +0 short sword
 j - a +0 mace
 p - a +0 dagger
 v - a +0 hunting sling
 w - a +2 mace of holy wrath (weapon)
Missiles
 f - 41 stones (quivered)
 k - 21 arrows
 u - 8 javelins
Armour
 b - a +0 animal skin
 q - a +0 chain mail (worn)
 t - a +0 pair of gloves (worn)
 x - a +0 scale mail
Scrolls
 l - a scroll of identify
 r - a scroll of remove curse
 s - a scroll of fog {unknown}
Potions
 d - a potion of lignification
 i - a potion of haste {unknown}
Comestibles
 m - 3 meat rations
 n - 3 chunks of flesh
 o - a beef jerky


   Skills:
 + Level 3.6 Fighting
 + Level 3.9 Long Blades
 + Level 0.2 Maces & Flails
 + Level 2.4 Armour
 + Level 2.4 Dodging


You had 3 spell levels left.
You didn't know any spells.

Dungeon Overview and Level Annotations

Branches:
Dungeon (2/15)

Altars:

Annotations:
D:2 Sigmund


Message History

You hear some strange, mumbled words.
Something tries to affect you, but you resist.
You see here a chunk of flesh.
You closely miss something. Something hits you.
You hit something. Something hits you.
You sock something! Something hits you but does no damage.
You hit something. Something hits you.
You sock something!
You hear some strange, mumbled words.
You are confused.
Something hits you but does no damage.
You bump into the rock wall.
Something hits you! Something hits you but does no damage.
You're too confused to move!
You feel less confused. Something hits you.
* * * LOW HITPOINT WARNING * * *
Something hits you.
You die...

...#........ ....# .##
#..#....#.#.####.......
#..#...............#..##.
.........................
...................#.....
......................#
....... ..............#
#.###.# ......(..%.#
#.###.###.#.####@###
............# #.#
#.###.###.######.#
##...............#
####.###.######## #.# #.#
### ###


There were no monsters in sight!

Vanquished Creatures
  Jessica (D:2)
  2 dart slugs
  2 giant geckos (D:2)
  A ball python (D:2)
  5 bats
  6 goblins
  6 hobgoblins
  4 jackals (D:1)
  A quokka (D:2)
  3 giant newts
  3 kobolds (D:1)
  5 rats
39 creatures vanquished.

Notes
Turn   | Place    | Note
--------------------------------------------------------------
     0 | D:1      | Vidsurfer the Human Berserker began the quest for the Orb.
     0 | D:1      | Reached XP level 1. HP: 18/18 MP: 1/1
    24 | D:1      | Reached XP level 2. HP: 24/24 MP: 2/2
   584 | D:1      | Reached XP level 3. HP: 29/29 MP: 3/3
   746 | D:1      | Reached ** piety under Trog
  1186 | D:2      | Noticed Jessica
  1191 | D:2      | Killed Jessica
  1191 | D:2      | Reached XP level 4. HP: 36/36 MP: 4/4
  1444 | D:2      | Noticed Sigmund
  1466 | D:2      | Slain by Sigmund

Action                   |  1- 3 |  4- 6 || total
-------------------------+-------+-------++-------
Melee: Falchion          |    45 |       ||    45
       Mace              |    15 |    41 ||    56
Invok: Berserk           |     3 |       ||     3
  Use: Scroll            |     5 |       ||     5
  Eat: Chunk             |     2 |       ||     2
       Bread ration      |     1 |       ||     1
Armor: Chain mail        |    27 |    28 ||    55
Dodge: Dodged            |    28 |    23 ||    51
